cohdb
Replays
Latest Replays
All Replays
Popular Replays
Top Player Replays
Match Explorer
How It Works
Community
CoH3 Stats
Reddit
Sign in to upload your games and track your stats! →
Sign in with Steam
Match 41297742
Unlisted
Match 41297742
Overview
Messages
Build Orders
End
Construct Infanterie Kompanie
MG 42 Machine Gun Team
Kettenkrad Recon Vehicle
Selects Terror Battlegroup
Selects Machine Gun Camouflage
Grenadier Squad
Grenadier Squad
Construct Panzergrenadier Kompanie
251 Medium Carrier
Pak 40 Anti-tank Gun Team
GrW 34 Mortar Team
Pioneer Squad
Support Elements
Nebelwerfer 42 Rocket Launcher Team
Selects Defend the Fatherland
Selects Defend the Fatherland
Grenadier Squad
Construct Luftwaffe Kompanie
Construct Panzer Kompanie
Selects King Tiger Heavy Tank
Jäger Squad
Staff
JinJinE
cds700
shadow 2
Herr Heinler
A Rather Splendid Cromwell
Vlambulance-YouTube
zxcv
0
0
Comments
sign in to comment!
No comments posted yet!